 Dungeon Crawl Stone Soup version 0.31-a0-455-g1a7b003ef0 (webtiles) character file.

Game seed: 1506800828664619167

6805 cforsyth the Prestidigitator (level 11, -10/74 HPs)
             Began as a Gnoll Artificer on Aug 3, 2023.
             Was a Believer of Hepliaklqana.
             Mangled by an eight-headed hydra (13 damage)
             ... on level 9 of the Dungeon on Aug 4, 2023.
             The game lasted 00:16:39 (8583 turns).

cforsyth the Prestidigitator (Gnoll Artificer)      Turns: 8583, Time: 00:16:40

Health: -10/74     AC: 11    Str: 17    XL:     11   Next: 5%
Magic:  18/20      EV: 13    Int: 21    God:    Hepliaklqana [**....]
Gold:   734        SH:  9    Dex: 13    Spells: 20/22 levels left

rFire   . . .        D - +2 trident (venom)
rCold   . . .        u - +0 kite shield
rNeg    . . .        z - +0 troll leather armour {Pargi}
rPois   .            s - +0 helmet
rElec   .            p - +0 cloak
rCorr   .            R - +2 pair of gloves
SInv    .            (no boots)
Will    .....        q - amulet of the acrobat
Stlth   +++          h - +6 ring of intelligence
HPRegen 1.12/turn    A - +6 ring of strength
MPRegen 0.17/turn

%: acrobat
@: on blink cooldown
A: reduced essence, fangs 1, strong nose, distributed training
a: Renounce Religion, Recall Ancestor, Ancestor Identity


You were on level 9 of the Dungeon.
You worshipped Hepliaklqana.
Hepliaklqana was pleased with you.
You visited 2 branches of the dungeon, and saw 10 of its levels.
You also visited: Sewer and Ossuary.

You collected 734 gold pieces.

Inventory:

Hand Weapons
 k - a +0 dagger of venom
 D - a +2 trident of venom (weapon)
 S - a +2 spear of freezing
Missiles
 Q - a throwing net
Armour
 p - a +0 cloak (worn)
 s - a +0 helmet (worn)
 u - a +0 kite shield (worn)
 z - a +0 troll leather armour (worn) {Pargi}
 R - a +2 pair of gloves (worn)
Jewellery
 h - a +6 ring of intelligence (left hand)
 q - an amulet of the acrobat (around neck)
 w - a ring of ice
 A - a +6 ring of strength (right hand)
 H - a ring of magical power
 O - a ring of ice
Wands
 c - a wand of flame (45) (quivered)
 d - a wand of charming (13)
 e - a wand of iceblast (22)
 F - a wand of quicksilver (14)
 M - a wand of polymorph (7)
Scrolls
 f - a scroll of blinking
 i - 2 scrolls of enchant armour {unknown}
 l - a scroll of acquirement {unknown}
 n - a scroll of revelation
 r - 4 scrolls of teleportation {unknown}
 t - 3 scrolls of noise {unknown}
 x - a scroll of brand weapon {unknown}
 y - 3 scrolls of fog {unknown}
 B - a scroll of vulnerability {unknown}
 C - 4 scrolls of immolation {unknown}
 I - 4 scrolls of fear {unknown}
 J - 6 scrolls of identify
 N - a scroll of silence {unknown}
 P - a scroll of amnesia {unknown}
 T - a scroll of enchant weapon {unknown}
Potions
 a - 2 potions of lignification {unknown}
 b - 4 potions of heal wounds {unknown}
 g - 2 potions of might {unknown}
 j - 2 potions of attraction
 m - a potion of enlightenment {unknown}
 o - a potion of ambrosia {unknown}
 v - 6 potions of curing
 E - 4 potions of mutation {unknown}
 G - 4 potions of cancellation
 K - 2 potions of haste {unknown}
 L - 2 potions of berserk rage {unknown}


   Skills:
 + Level 6.6 Fighting
 + Level 6.0 Short Blades
 + Level 6.0 Long Blades
 + Level 6.0 Axes
 + Level 6.0 Maces & Flails
 + Level 6.0 Polearms
 + Level 6.0 Staves
 + Level 6.0 Ranged Weapons
 + Level 6.0 Throwing
 + Level 7.6 Armour
 + Level 6.6 Dodging
 + Level 6.5 Stealth
 + Level 6.0 Shields
 + Level 6.0 Unarmed Combat
 + Level 6.0 Spellcasting
 + Level 5.0 Conjurations
 + Level 5.0 Hexes
 + Level 5.0 Summonings
 + Level 5.0 Necromancy
 + Level 5.0 Translocations
 + Level 5.0 Transmutations
 + Level 5.0 Fire Magic
 + Level 5.0 Ice Magic
 + Level 5.0 Air Magic
 + Level 5.0 Earth Magic
 + Level 5.0 Poison Magic
 + Level 6.6 Invocations
 + Level 9.0 Evocations
 + Level 5.0 Shapeshifting


You had 20 spell levels left.
You knew the following spells:

 Your Spells              Type           Power      Damage    Failure   Level
a - Blink                 Tloc           54%        N/A       5%          2

Your spell library contained the following spells:

 Spells                   Type           Power      Damage    Failure   Level
 Kiss of Death            Conj/Necr      100%       2d13      3%          1
 Lesser Beckoning         Tloc           54%        N/A       5%          2
 Momentum Strike          Conj/Tloc      54%        3d9       5%          2
 Confusing Touch          Hex            27%        N/A       11%         3
 Ozocubu's Armour         Ice            27%        N/A       11%         3
 Portal Projectile        Hex/Tloc       54%        N/A       11%         3
 Tukima's Dance           Hex            27%        N/A       11%         3
 Animate Dead             Necr           27%        N/A       34%         4
 Dispel Undead            Necr           27%        3d13      34%         4
 Iskenderun's Mystic Bla  Conj/Tloc      27%        2d7       34%         4
 Borgnjor's Vile Clutch   Necr/Erth      13%        N/A       69%         5
 Death Channel            Necr           13%        N/A       99%         6
 Simulacrum               Ice/Necr       13%        N/A       99%         6
 Ozocubu's Refrigeration  Ice            13%        4d10      100%        7
 Polar Vortex             Ice            13%        12d1*     100%        9


Dungeon Overview and Level Annotations

Branches:
Dungeon (9/15)             Temple (1/1) D:4           Sewer (visited)
Ossuary (visited)
   Lair: D:8-11         Orc: D:9-12

Altars:
Ashenzari
Cheibriados
Dithmenos
Elyvilon
Gozag
Hepliaklqana
Kikubaaqudgha
Makhleb
Nemelex Xobeh
Okawaru
Qazlal
Ru
Sif Muna
Trog
Uskayaw
Vehumet
Wu Jian
Xom
Yredelemnul
Zin
The Shining One
Lugonu

Shops:
D:6 :

Annotations:
D:3 3 runed translucent doors, LeprechaunX's ghost, weakling OpSh
D:7 2 transporters


Innate Abilities, Weirdness & Mutations

Your life essence is reduced to manifest your ancestor. (-10% HP)
You have very sharp teeth.
Your uncanny sense of smell can sniff out nearby items.
Your experience applies equally to all skills.


Message History

You finish memorising.
Spell assigned to 'a'.
Okay, then.
Unknown command.
You climb downwards.
You block the eight-headed hydra's attack.
The eight-headed hydra misses you.
The eight-headed hydra closely misses you.
The eight-headed hydra bites you but does no damage.
The eight-headed hydra bites you. The eight-headed hydra bites you!
The eight-headed hydra bites you but does no damage.
You block the eight-headed hydra's attack.
There is a stone staircase leading up, spattered with blood here.
You barely miss the eight-headed hydra.
Your bite misses the eight-headed hydra.
The eight-headed hydra bites you.
You block the eight-headed hydra's attack.
The eight-headed hydra bites you!
The eight-headed hydra completely misses you.
The eight-headed hydra bites you.
You block the eight-headed hydra's attack. x2
The eight-headed hydra bites you.
Huemac hits the eight-headed hydra with a +0 quarterstaff!!
The eight-headed hydra bites you but does no damage.
The eight-headed hydra bites you.
The eight-headed hydra barely misses you.
The eight-headed hydra bites you! x2
* * * LOW HITPOINT WARNING * * *
The eight-headed hydra bites you but does no damage. x2
The eight-headed hydra misses you.
Casting: Blink (safe; 5% risk of failure)
Confirm with . or Enter, or press ? or * to list all spells.
You blink.
You block the eight-headed hydra's attack.
The eight-headed hydra bites you.
* * * LOW HITPOINT WARNING * * *
The eight-headed hydra bites you!
* * * LOW HITPOINT WARNING * * *
The eight-headed hydra bites you but does no damage.
The eight-headed hydra bites you!
You die...

##### #.#.# #.#.#
#############@#.#
#.............DR#
#.#############.#
#.# .... #.# #.#
...). #.# ####.#
..... #.#
...#.#...... #.#
...#D#...... #.#
............ #.#


You could see the friendly Huemac the battlemage and an eight-headed hydra (ally
target).

Vanquished Creatures
  Pikel (D:5)
  Joseph (D:8)
  A hornet (D:8)
  Sigmund (D:3)
  A wyvern (D:8)
  6 yaks (D:8)
  2 steam dragons
  2 water moccasins
  A black bear (D:6)
  An orc warrior (D:7)
  A sky beast (D:7)
  Pargi (Sewer)
  3 ogres
  A centaur (D:9)
  2 phantoms
  Blork the orc (D:5)
  3 bullfrogs
  A gnoll sergeant (D:9)
  12 scorpions
  5 wights (D:7)
  5 killer bees (D:7)
  2 howler monkeys (D:5)
  2 jellies
  2 centaur zombies (Ossuary)
  An orc priest (D:6)
  7 human zombies (Ossuary)
  5 hounds
  4 scorpion zombies (Ossuary)
  4 iguanas
  3 orc wizards
  3 mummies (Ossuary)
  12 gnolls
  2 river rats (D:3)
  5 adders
  A shadow imp (D:8)
  4 white imps
  An adder zombie (D:3)
  6 dart slugs
  2 worms
  11 orcs
  8 bats
  5 endoplasms
  2 giant cockroaches (D:3)
  3 gnoll zombies (Ossuary)
  6 hobgoblins
  3 jackals (D:2)
  6 kobolds
  6 quokkas
  11 ball pythons
  2 frilled lizards
  A giant cockroach zombie (D:3)
  5 goblins
  3 goblin zombies (Ossuary)
  A hobgoblin zombie (Ossuary)
  3 kobold zombies (Ossuary)
  12 rats
206 creatures vanquished.

Vanquished Creatures (collateral kills)
  Maurice (D:8)
  A wyvern (D:9)
  A water moccasin (D:7)
  A jelly (D:7)
  4 gnolls (D:9)
  A shadow imp (D:7)
  5 orcs
14 creatures vanquished.

Vanquished Creatures (others)
  A battlemage (D:9)
1 creature vanquished.

Grand Total: 221 creatures vanquished

Notes
Turn   | Place    | Note
-------+----------+-------------------------------------------
     0 | D:1      | cforsyth the Gnoll Artificer began the quest for the Orb.
     0 | D:1      | Reached XP level 1. HP: 17/17 MP: 1/1
   121 | D:1      | Reached XP level 2. HP: 12/23 MP: 2/2
   551 | D:1      | Reached XP level 3. HP: 28/28 MP: 3/3
   923 | D:2      | Reached skill level 1 in Invocations
  1326 | D:2      | Reached skill level 1 in Short Blades
  1326 | D:2      | Reached skill level 1 in Long Blades
  1326 | D:2      | Reached skill level 1 in Axes
  1326 | D:2      | Reached skill level 1 in Maces & Flails
  1326 | D:2      | Reached skill level 1 in Polearms
  1326 | D:2      | Reached skill level 1 in Staves
  1326 | D:2      | Reached skill level 1 in Ranged Weapons
  1326 | D:2      | Reached skill level 1 in Throwing
  1326 | D:2      | Reached skill level 1 in Shields
  1326 | D:2      | Reached skill level 1 in Unarmed Combat
  1326 | D:2      | Reached skill level 1 in Spellcasting
  1602 | D:2      | Reached XP level 4. HP: 33/34 MP: 5/5
  1713 | D:3      | Reached skill level 1 in Conjurations
  1713 | D:3      | Reached skill level 1 in Hexes
  1713 | D:3      | Reached skill level 1 in Summonings
  1713 | D:3      | Reached skill level 1 in Necromancy
  1713 | D:3      | Reached skill level 1 in Translocations
  1713 | D:3      | Reached skill level 1 in Transmutations
  1713 | D:3      | Reached skill level 1 in Fire Magic
  1713 | D:3      | Reached skill level 1 in Ice Magic
  1713 | D:3      | Reached skill level 1 in Air Magic
  1713 | D:3      | Reached skill level 1 in Earth Magic
  1713 | D:3      | Reached skill level 1 in Poison Magic
  1713 | D:3      | Reached skill level 1 in Shapeshifting
  1782 | D:3      | Found a runed translucent gate.
  1782 | D:3      | Found a runed translucent gate.
  1782 | D:3      | Found a runed translucent gate.
  1782 | D:3      | Noticed LeprechaunX's ghost (weakling OpSh)
  1784 | D:3      | Found a basalt altar of Yredelemnul.
  1811 | D:3      | Reached XP level 5. HP: 40/40 MP: 6/6
  1814 | D:3      | Noticed Sigmund
  1822 | D:3      | Killed Sigmund
  1823 | D:3      | Reached skill level 5 in Armour
  1823 | D:3      | Reached XP level 6. HP: 41/47 MP: 6/8
  1847 | D:3      | Found a glowing drain.
  1938 | Sewer    | Entered a sewer
  2011 | Sewer    | Noticed Pargi
  2020 | Sewer    | Killed Pargi
  2187 | D:3      | Reached XP level 7. HP: 36/52 MP: 10/10
  2540 | D:3      | Reached skill level 7 in Evocations
  3075 | D:4      | Found a staircase to the Ecumenical Temple.
  3123 | D:4      | Noticed Pikel
  3134 | D:5      | Entered Level 5 of the Dungeon
  3142 | D:5      | Killed Pikel
  3143 | D:5      | Reached XP level 8. HP: 23/60 MP: 10/12
  3348 | D:5      | Found a radiant altar of Vehumet.
  3348 | D:5      | Found a stormy altar of Qazlal.
  3358 | D:5      | Found a shadowy altar of Dithmenos.
  3523 | D:5      | Noticed Blork the orc
  3530 | D:5      | Killed Blork the orc
  4525 | D:6      | Found a sand-covered staircase.
  4525 | D:6      | Found a shimmering altar of Xom.
  4563 | Ossuary  | Entered an ossuary
  4623 | Ossuary  | Reached XP level 9. HP: 66/66 MP: 14/14
  4828 | Ossuary  | Reached skill level 5 in Fighting
  4828 | Ossuary  | Reached skill level 5 in Dodging
  4896 | Ossuary  | Reached skill level 5 in Stealth
  4976 | Ossuary  | Reached skill level 8 in Evocations
  5030 | D:6      | Found a sacrificial altar of Ru.
  5148 | Temple   | Entered the Ecumenical Temple
  5272 | D:6      | Found a hazy altar of Hepliaklqana.
  5276 | D:6      | Found a broken altar of Ashenzari.
  5279 | D:6      | Found an ornate altar of the Wu Jian Council.
  5298 | D:6      | Found a white marble altar of Elyvilon.
  5302 | D:6      | Found a bloodstained altar of Trog.
  5310 | D:6      | Became a worshipper of Hepliaklqana the Forgotten
  5482 | D:6      | Reached skill level 5 in Invocations
  5489 | D:6      | Found Osag's Tremendous Tomes.
  5658 | D:6      | Found a glowing golden altar of the Shining One.
  5681 | D:6      | Found a burning altar of Makhleb.
  5983 | D:7      | Reached XP level 10. HP: 36/75 MP: 17/17
  6087 | D:7      | Reached skill level 5 in Short Blades
  6087 | D:7      | Reached skill level 5 in Long Blades
  6087 | D:7      | Reached skill level 5 in Axes
  6087 | D:7      | Reached skill level 5 in Maces & Flails
  6087 | D:7      | Reached skill level 5 in Polearms
  6087 | D:7      | Reached skill level 5 in Staves
  6087 | D:7      | Reached skill level 5 in Ranged Weapons
  6087 | D:7      | Reached skill level 5 in Throwing
  6087 | D:7      | Reached skill level 5 in Shields
  6087 | D:7      | Reached skill level 5 in Unarmed Combat
  6087 | D:7      | Reached skill level 5 in Spellcasting
  6408 | D:7      | Reached * piety under Hepliaklqana
  6477 | D:7      | Found a transporter.
  6521 | D:7      | Found a transporter.
  6626 | D:7      | Found a snail-covered altar of Cheibriados.
  7419 | D:8      | Reached ** piety under Hepliaklqana
  7420 | D:8      | Remembered your ancestor Huemac as a battlemage
  7958 | D:8      | Noticed Maurice
  7969 | D:8      | Killed Maurice
  8022 | D:8      | Noticed Joseph
  8034 | D:8      | Killed Joseph
  8388 | D:9      | Reached XP level 11. HP: 63/74 MP: 19/19
  8398 | D:9      | Reached skill level 9 in Evocations
  8404 | D:9      | Reached skill level 5 in Conjurations
  8404 | D:9      | Reached skill level 5 in Hexes
  8404 | D:9      | Reached skill level 5 in Summonings
  8404 | D:9      | Reached skill level 5 in Necromancy
  8404 | D:9      | Reached skill level 5 in Translocations
  8404 | D:9      | Reached skill level 5 in Transmutations
  8404 | D:9      | Reached skill level 5 in Fire Magic
  8404 | D:9      | Reached skill level 5 in Ice Magic
  8404 | D:9      | Reached skill level 5 in Air Magic
  8404 | D:9      | Reached skill level 5 in Earth Magic
  8404 | D:9      | Reached skill level 5 in Poison Magic
  8404 | D:9      | Reached skill level 5 in Shapeshifting
  8414 | D:9      | Noticed an eight-headed hydra
  8580 | D:8      | Learned a level 2 spell: Blink
  8583 | D:9      | HP: 3/74 [eight-headed hydra (13)]
  8583 | D:9      | Mangled by an eight-headed hydra

Illustrated notes

Levels and vault maps discovered:
D:1:      dpeg_arrival_windows_large_door, layout_basic
D:2:      layout_basic, grunt_decor_resistance,
          nicolae_concentric_dashed_squares_wild, minmay_heptomino_o4
D:3:      layout_loops_ring, nicolae_yredelemnul_ghost_church,
          portal_sewer_entry_e, minmay_vboxes, uniq_sigmund
D:4:      layout_basic, temple_statues, uniq_pikel
D:5:      layout_basic, gammafunk_temple_overflow_wave, kennysheep_mini_moat,
          minmay_holes, minmay_misc_feat_five, uniq_blork_the_orc
D:6:      layout_loops_ring, gammafunk_temple_overflow_elements,
          lemuel_coloured_pillars_altar, minmay_overflow_temple_star_hex,
          overflow_temple_1_default, nicolae_ossuary_entry_ruins, dk_vineyard_3,
          small_statue_intersection, nicolae_shop_i_like_big_books
D:7:      gammafunk_steamed_eel, layout_loops_corners, kennysheep_little_box
D:8:      layout_loops_corners, grunt_decor_arrowhead, uniq_maurice, uniq_joseph
D:9:      layout_basic, minmay_pinched_square
Temple:   corrupted_temple

Skill      XL: |  1  2  3  4  5  6  7  8  9 10 11 |
---------------+----------------------------------+-----
Invocations    | 1 2 3 4 5 6 |  6.6
Short Blades   | 1 2 3 4 5 6 |  6.0
Long Blades    | 1 2 3 4 5 6 |  6.0
Axes           | 1 2 3 4 5 6 |  6.0
Maces & Flails | 1 2 3 4 5 6 |  6.0
Polearms       | 1 2 3 4 5 6 |  6.0
Staves         | 1 2 3 4 5 6 |  6.0
Ranged Weapons | 1 2 3 4 5 6 |  6.0
Throwing       | 1 2 3 4 5 6 |  6.0
Shields        | 1 2 3 4 5 6 |  6.0
Unarmed Combat | 1 2 3 4 5 6 |  6.0
Spellcasting   | 1 2 3 4 5 6 |  6.0
Conjurations   | 1 2 3 4 5 |  5.0
Hexes          | 1 2 3 4 5 |  5.0
Summonings     | 1 2 3 4 5 |  5.0
Necromancy     | 1 2 3 4 5 |  5.0
Translocations | 1 2 3 4 5 |  5.0
Transmutations | 1 2 3 4 5 |  5.0
Fire Magic     | 1 2 3 4 5 |  5.0
Ice Magic      | 1 2 3 4 5 |  5.0
Air Magic      | 1 2 3 4 5 |  5.0
Earth Magic    | 1 2 3 4 5 |  5.0
Poison Magic   | 1 2 3 4 5 |  5.0
Shapeshifting  | 1 2 3 4 5 |  5.0
Fighting       | 3 4 5 6 |  6.6
Armour         | 5 6 7 |  7.6
Dodging        | 3 4 5 6 |  6.6
Stealth        | 3 4 5 6 |  6.5
Evocations     | 7 8 9 |  9.0

Action                     |  1- 3 |  4- 6 |  7- 9 | 10-12 || total
---------------------------+-------+-------+-------+-------++-------
  Melee: Club              |    37 |       |       |       ||    37
         Bite              |    16 |    20 |    70 |    24 ||   130
         Punch             |     2 |       |       |       ||     2
         Dagger            |   104 |   143 |    57 |       ||   304
         Trident           |       |       |   441 |   210 ||   651
   Cast: Blink             |       |       |       |     1 ||     1
 Invoke: Ancestor Life: Ba |       |       |       |     1 ||     1
  Evoke: Wand              |       |     8 |       |     2 ||    10
    Use: Scroll            |       |       |     6 |       ||     6
   Stab: Sleeping          |     8 |     3 |    14 |    10 ||    35
         Distracted        |       |       |     2 |     1 ||     3
 Armour: Leather armour    |    50 |    54 |       |       ||   104
         Troll leather arm |       |     3 |   156 |    37 ||   196
  Dodge: Dodged            |   108 |    70 |   240 |   102 ||   520
  Block: Kite shield       |     6 |    69 |   234 |    97 ||   406

Table legend: (Time is in decaauts)
 A = Elapsed time spent in this place.
 B = Non-inter-level travel time spent in this place.
 C = Inter-level travel time spent in this place.
 D = Time resting spent in this place.
 E = Time spent auto-exploring this place.
 F = Levels seen in this place.
 G = Mean time per level.
                   A        B        C        D        E       F      G
               +--------+--------+--------+--------+--------+-----+--------+
         Total |   8774 |   8236 |    538 |    236 |   5775 |  12 |  731.2 |
       Dungeon |   8075 |   7538 |    537 |    236 |   5516 |   9 |  897.2 |
        Temple |      1 |      0 |      1 |      0 |      0 |   1 |    1.0 |
         Sewer |    191 |    191 |      0 |      0 |    115 |   1 |  191.0 |
       Ossuary |    506 |    506 |      0 |      0 |    144 |   1 |  506.0 |
               +--------+--------+--------+--------+--------+-----+--------+

Top non-repeatable levels by time:
     D:7: 1337 daAuts
     D:8: 1245 daAuts
     D:3: 1142 daAuts
     D:6: 897 daAuts
     D:5: 889 daAuts
     D:1: 839 daAuts
     D:2: 819 daAuts
     D:4: 795 daAuts
 Ossuary: 506 daAuts
   Sewer: 191 daAuts
     D:9: 108 daAuts
  Temple: 1 daAuts
